 Dungeon Crawl Stone Soup version 0.30-a0-743-gbfdf073431 (webtiles) character file.

Game seed: 15791054359286731893

95 Lavandula the Slasher (level 4, 5/35 HPs)
             Began as a Human Monk on Feb 7, 2023.
             Quit the game on level 3 of the Dungeon.
             The game lasted 00:03:16 (1823 turns).

Lavandula the Slasher (Human Monk)                  Turns: 1823, Time: 00:03:17

Health: 5/35       AC:  9    Str: 13 (14) XL:     4   Next: 95%
Magic:  4/4        EV: 11    Int:  8 (10) God:
Gold:   186        SH:  0    Dex: 12 (15) Spells: 3/3 levels left

rFire   . . .      SeeInvis .    a - +0 falchion
rCold   . . .      Faith    .    (no shield)
rNeg    . . .      Spirit   .    m - +4 ring mail
rPois   .          Reflect  .    (no helmet)
rElec   .          Harm     .    (no cloak)
rCorr   .          Rampage  .    (no gloves)
Will    .....                    (no boots)
Stlth   +                        (no amulet)
HPRegen 0.25/turn                (no ring)
MPRegen 0.09/turn                (no ring)

@: no status effects
A: no striking features
a: no special abilities


You were on level 3 of the Dungeon.
You visited 1 branch of the dungeon, and saw 3 of its levels.

You collected 186 gold pieces.

Inventory:

Hand Weapons
 a - a +0 falchion (weapon)
Armour
 b - a +0 robe
 i - a +0 scale mail
 m - a +4 ring mail (worn)
Scrolls
 d - a scroll of identify {unknown}
 f - 2 scrolls of fog
 g - a scroll of teleportation
 j - a scroll of magic mapping {unknown}
 o - a scroll of fear {unknown}
Potions
 e - a potion of degeneration
 h - a potion of berserk rage {unknown}
 k - a potion of mutation {unknown}
 l - a potion of flight {unknown}
 n - a potion of curing {unknown}


   Skills:
 - Level 3.0 Fighting
 + Level 5.2 Long Blades
 - Level 3.0 Dodging
 - Level 2.0 Stealth


You had 3 spell levels left.
You didn't know any spells.
Your spell library contained the following spells:

 Spells                   Type           Power      Damage    Failure   Level
 Foxfire                  Conj/Fire      0%         2x1d4     67%         1
 Fireball                 Conj/Fire      0%         3d3       100%        5
 Starburst                Conj/Fire      0%         6d3       100%        6


Dungeon Overview and Level Annotations

Branches:
Dungeon (3/15)

Altars:

Portals:
Sewer: D:3

Annotations:
D:3 Grinder


Message History

* * * LOW HITPOINT WARNING * * *
You hit Grinder.
Grinder is heavily wounded.
Grinder hits you.
* * * LOW HITPOINT WARNING * * *
You miss Grinder.
Grinder is heavily wounded.
You feel less invigorated.
You feel less confused. Grinder gestures at you. Pain shoots through your body!
* * * LOW HITPOINT WARNING * * *
Grinder attacks as you move away! Grinder closely misses you.
You barely miss Grinder.
Grinder is moderately wounded.
Grinder hits you.
* * * LOW HITPOINT WARNING * * *
You writhe in agony.
* * * LOW HITPOINT WARNING * * *
You hit Grinder.
Grinder is heavily wounded.
Grinder hits you but does no damage.
Unknown command.
You hear the sound of rushing water.
There is an entrance to a sewer on this level.
Hurry and find it before the portal rusts away!
Level annotation: Grinder Welcome back, Lavandula the Human Monk.
Press ? for a list of commands and other information.
Why would you want to do that?
Unknown command.
Okay, then.
Okay, then.
Okay, then.
Saving game... please wait.
You hear the sound of rushing water.
There is an entrance to a sewer on this level.
Hurry and find it before the portal rusts away!
Level annotation: Grinder Welcome back, Lavandula the Human Monk.
Press ? for a list of commands and other information.
Are you sure you want to abandon this character and quit the game? (Confirm with "yes".)

...........##.#
...........##.#
.[.........##.# #
.......)...##.# ..#
............#.####...#
............#........#
............#.#####..#
..........#..5#SB~#..#
$...#####.#..@#BB~#..#
.... #.###.#B∩~#..# ##
#.# #.#B~~#.## #.#
#.#~~~#.# #. ..##+##.#
#.......# #########


You could see Grinder, an adder and 5 giant cockroaches.

Vanquished Creatures
  5 adders (D:2)
  A worm (D:2)
  A dart slug (D:2)
  9 ball pythons
  4 bats
  3 endoplasms
  A goblin (D:2)
  4 hobgoblins
  A quokka (D:2)
  4 frilled lizards
  9 kobolds
  3 rats
45 creatures vanquished.

Vanquished Creatures (others)
  5 fungi (D:2)
5 creatures vanquished.

Grand Total: 50 creatures vanquished

Notes
Turn   | Place    | Note
-------+----------+-------------------------------------------
     0 | D:1      | Lavandula the Human Monk began the quest for the Orb.
     0 | D:1      | Reached XP level 1. HP: 18/18 MP: 1/1
   274 | D:1      | Reached XP level 2. HP: 21/24 MP: 2/2
   802 | D:1      | Reached skill level 4 in Long Blades
   802 | D:1      | Reached XP level 3. HP: 29/29 MP: 3/3
  1162 | D:2      | Reached XP level 4. HP: 27/35 MP: 4/4
  1338 | D:2      | Reached skill level 5 in Long Blades
  1774 | D:3      | Found a glowing drain.
  1782 | D:3      | Noticed Grinder
  1810 | D:3      | Paralysed by Grinder for 2 turns
  1823 | D:3      | Quit the game

Illustrated notes

Levels and vault maps discovered:
D:1:      lemuel_arrival_rhombus, layout_basic
D:2:      layout_loops_ring, kennysheep_nondescript,
          kennysheep_decorative_pillar, dreamdust_mushroom_princess
D:3:      layout_basic, grunt_temple_overflow_cloverleaf, gup_sewer_entry_glass,
          serial_shops, shop, shapermc_ecumenical_altar_mp_urbaneastern,
          uniq_grinder

Skill      XL: |  1  2  3  4 |
---------------+-------------+-----
Long Blades    | 4 5 |  5.2
Fighting       | |  3.0
Dodging        | |  3.0
Stealth        | |  2.0

Action                     |  1- 3 |  4- 6 || total
---------------------------+-------+-------++-------
  Melee: Falchion          |   107 |    74 ||   181
    Use: Scroll            |       |     2 ||     2
         Potion            |       |     2 ||     2
 Armour: Robe              |     8 |       ||     8
         Scale mail        |    28 |       ||    28
         Ring mail         |    11 |    35 ||    46
  Dodge: Dodged            |    55 |    36 ||    91

Table legend: (Time is in decaauts)
 A = Elapsed time spent in this place.
 B = Non-inter-level travel time spent in this place.
 C = Inter-level travel time spent in this place.
 D = Time resting spent in this place.
 E = Time spent auto-exploring this place.
 F = Levels seen in this place.
 G = Mean time per level.
                   A        B        C        D        E       F      G
               +--------+--------+--------+--------+--------+-----+--------+
         Total |   1838 |   1706 |    132 |     47 |   1216 |   3 |  612.7 |
       Dungeon |   1838 |   1706 |    132 |     47 |   1216 |   3 |  612.7 |
               +--------+--------+--------+--------+--------+-----+--------+

Top non-repeatable levels by time:
     D:1: 997 daAuts
     D:2: 753 daAuts
     D:3: 88 daAuts
